 Dungeon Crawl Stone Soup version 0.13-a0-2926-g9203b68 (webtiles) character file.

165 JacquesDerrida the Shooter (level 4, -1/29 HPs)
             Began as an Octopode Hunter on Sept 3, 2013.
             Slain by an orc
             ... wielding a +0,+3 orcish war axe
              (14 damage)
             ... on Level 3 of the Dungeon.
             The game lasted 00:04:08 (2317 turns).

JacquesDerrida the Shooter (Octopode Hunter)        Turns: 2317, Time: 00:04:08

HP  -1/29        AC  1     Str 12      XL: 4   Next: 69%
MP   3/3         EV 12     Int 13      God:
Gold 67          SH  0     Dex 12      Spells:  0 memorised,  3 levels left

Res.Fire  : . . .   See Invis. : .   a - +0 short sword
Res.Cold  : . . .   Warding    : .   (no shield)
Life Prot.: . . .   Conserve   : .   (helmet restricted)
Res.Poison: .       Res.Corr.  : .   (no amulet)
Res.Elec. : .       Clarity    : .   (no ring)
Sust.Abil.: . .     Spirit.Shd : .   (no ring)
Res.Mut.  : .       Stasis     : .   (no ring)
Res.Rott. : .       Flight     : .   (no ring)
Saprovore : . . .                    (no ring)
                                     (no ring)
                                     (no ring)
                                     (no ring)

@: slightly resistant to hostile enchantments, stealthy
A: almost no armour, amphibious, 8 rings, constrict 8, camouflage 1, AC +1
a: no special abilities


You were on level 3 of the Dungeon.
You were not hungry.

You visited 1 branch of the dungeon, and saw 3 of its levels.

You collected 47 gold pieces.

Inventory:

Hand weapons
 a - a +0,+0 short sword (weapon)
 b - a +1,+1 bow
 p - a +1,+1 whip of venom
Missiles
 c - 30 arrows
Comestibles
 f - a bread ration
 g - 5 sultanas
 i - a choko
 m - a lychee
 u - a meat ration
 v - a lemon
 z - an apple
Scrolls
 e - 3 scrolls of remove curse {unknown}
 k - 7 scrolls of identify {unknown}
 n - a scroll of magic mapping {unknown}
 o - 2 scrolls of noise {unknown}
 q - a scroll of random uselessness {unknown}
 w - a scroll of amnesia {unknown}
 x - a scroll of enchant armour {unknown}
 y - 3 scrolls of blinking {unknown}
Potions
 d - a potion of cure mutation {unknown}
 h - a potion of heal wounds {unknown}
 j - a potion of mutation {unknown}
 l - a potion of brilliance {unknown}
 r - 2 potions of curing {unknown}
 t - a potion of degeneration {unknown}
Magical staves
 s - an uncursed staff of wizardry {unknown}


   Skills:
 - Level 1.0 Fighting
 + Level 5.9 Bows
 - Level 2.0 Dodging
 - Level 1.3 Stealth


You had 3 spell levels left.
You didn't know any spells.

Dungeon Overview and Level Annotations

Branches:
Dungeon (3/27)

Altars:


Innate Abilities, Weirdness & Mutations

You cannot wear most types of armour.
You are amphibious.
You can wear up to eight rings at the same time.
You can use your tentacles to constrict many enemies at once.
Your skin changes colour to match your surroundings (Stlth).
Your rubbery body absorbs attacks (AC +1).


Message History

You kill the hobgoblin!
You closely miss the hobgoblin. Your grab misses the hobgoblin.
The hobgoblin hits you but does no damage.
You hit the hobgoblin but do no damage. You grab the hobgoblin.
You constrict the hobgoblin. The hobgoblin closely misses you.
You hit the hobgoblin but do no damage. You constrict the hobgoblin.
The hobgoblin hits you.
You hit the hobgoblin but do no damage.
You squeeze the hobgoblin, but do no damage.
The hobgoblin is heavily wounded.
You constrict the hobgoblin.
You kill the hobgoblin!
You hit the orc but do no damage. You grab the orc.
You constrict the orc, but do no damage.
The orc hits you with an orcish war axe.
You hit the orc but do no damage. You squeeze the orc.
The orc is moderately wounded.
You constrict the orc, but do no damage.
The orc hits you with an orcish war axe!
You die...

#.........###.###.#..#.
#..........%...........
#.........###.###.#..#.
#.........###.# #.#....
#.....<........ .......
#.........###.###.##.#.
#.........# #.# #.##.#.
######.#### #.###.##.#.
#@# ........... #o#
..###.....<
###r#####..# #......
#..........###......
##...................
#...........###.##.##
#.>.........# # #.
#.......o...# #.
#........##.# ##.


You could see an orc and a rat.

Vanquished Creatures
  Terence (D:2)
  2 adders (D:2)
  3 oozes
  2 ball pythons
  3 bats
  6 goblins
  12 hobgoblins
  4 jackals (D:1)
  4 giant geckos
  3 giant newts
  13 kobolds
  5 rats
58 creatures vanquished.

Notes
Turn   | Place    | Note
--------------------------------------------------------------
     0 | D:1      | JacquesDerrida, the Octopode Hunter, began the quest for the Orb.
     0 | D:1      | Reached XP level 1. HP: 14/14 MP: 0/0
    69 | D:1      | Reached XP level 2. HP: 19/19 MP: 1/1
   522 | D:1      | Reached XP level 3. HP: 15/24 MP: 2/2
   527 | D:1      | Reached skill level 5 in Bows
  1299 | D:2      | Noticed Terence
  1323 | D:2      | Killed Terence
  1323 | D:2      | Reached XP level 4. HP: 4/29 MP: 3/3
  2317 | D:3      | Slain by an orc

Action                   |  1- 3 |  4- 6 || total
-------------------------+-------+-------++-------
Melee: Short sword       |    61 |    45 ||   106
 Fire: Bow               |    26 |    12 ||    38
 Stab: Sleeping          |     7 |     2 ||     9
